 Dungeon Crawl Stone Soup version 0.31-a0-489-g282fc92437 (webtiles) character file.

Game seed: 3980019106467287059

172 Ethylacetat the Sneak (level 5, 0/37 HPs)
             Began as an Octopode Brigand on Aug 8, 2023.
             Slain by Sigmund
             ... wielding a +0 scythe
              (11 damage)
             ... on level 4 of the Dungeon.
             The game lasted 00:02:26 (2589 turns).

Ethylacetat the Sneak (Octopode Brigand)            Turns: 2589, Time: 00:02:26

Health: 0/37       AC:  1    Str: 16    XL:     5   Next: 52%
Magic:  5/5        EV: 14    Int: 14    God:
Gold:   186        SH:  0    Dex: 15    Spells: 4/4 levels left

rFire   . . .        a - +2 dagger
rCold   . . .        (no shield)
rNeg    . . .        (helmet restricted)
rPois   .            (no amulet)
rElec   .            n - +6 ring of strength
rCorr   .            (no ring)
SInv    .            (no ring)
Will    .....        (no ring)
Stlth   ++++         (no ring)
HPRegen 0.26/turn    (no ring)
MPRegen 0.09/turn    (no ring)
                     (no ring)

%: no passive effects
@: no status effects
A: almost no armour, amphibious, 8 rings, camouflage 1, gelatinous body 1,
(nimble swimmer 1), tentacles
a: no special abilities


You were on level 4 of the Dungeon.
You visited 1 branch of the dungeon, and saw 4 of its levels.

You collected 186 gold pieces.

Inventory:

Hand Weapons
 a - a +2 dagger (weapon)
Missiles
 b - 13 poisoned darts (quivered)
 c - 3 curare-tipped darts
Jewellery
 n - a +6 ring of strength (left tentacle)
Scrolls
 e - 6 scrolls of identify {unknown}
 f - 3 scrolls of fear {unknown}
 j - a scroll of revelation {unknown}
 k - 2 scrolls of teleportation {unknown}
 l - a scroll of amnesia {unknown}
 p - 2 scrolls of noise {unknown}
 r - a scroll of vulnerability {unknown}
Potions
 g - a potion of magic {unknown}
 h - a potion of cancellation {unknown}
 i - a potion of resistance {unknown}
 m - a potion of heal wounds {unknown}
 o - a potion of berserk rage {unknown}
 q - a potion of haste {unknown}


   Skills:
 + Level 4.1 Fighting
 - Level 2.0 Short Blades
 - Level 2.0 Throwing
 + Level 3.6 Dodging
 - Level 5.3 Stealth


You had 4 spell levels left.
You didn't know any spells.
Your spell library was empty.

Dungeon Overview and Level Annotations

Branches:
Dungeon (4/15)
 Temple: D:4-7

Altars:
Ashenzari

Annotations:
D:4 Sigmund


Innate Abilities, Weirdness & Mutations

You cannot wear most types of armour.
You are amphibious.
You can wear up to eight rings at the same time.
Your skin changes colour to match your surroundings (Stealth+).
Your rubbery body absorbs attacks. (AC +1, EV +1)
((You are camouflaged when in or above water. (Stealth+)))
You have tentacles for arms and can constrict up to eight enemies at once.


Message History

Your Fighting skill increases to level 4!
r - a scroll labelled FIUTASIEDU No target in view!
No target in view!
Found a stone staircase leading down.
A jelly comes into view.
A jelly is nearby!
A jelly is nearby!
A jelly is nearby!
The helpless jelly fails to defend itself.
You impale the jelly!!
You kill the jelly!
No target in view!
You now have 186 gold pieces (gained 10).
Sigmund the Dreaded comes into view.
He is wielding a +0 scythe.
Sigmund is nearby!
Sigmund casts a spell.
Sigmund flickers and vanishes!
Deactivating autopickup; reactivate with Ctrl-A.
There is a strange disturbance nearby!
No target in view!
There is a strange disturbance nearby!
No target in view!
No target in view!
No target in view!
You barely miss something.
You hear some strange, mumbled words.
A magic dart appears from out of thin air!
The magic dart hits you!
You barely miss something. Something hits you!
You hit something but do no damage. You closely miss something.
Something hits you!
You barely miss something. You hit something. Your squeeze misses something.
Something hits you!
* * * LOW HITPOINT WARNING * * *
You hit something. Something hits you.
* * * LOW HITPOINT WARNING * * *
It was a potion of curing.
You feel better.
You hit something but do no damage. Something hits you!
You die...

# #. .# #. #. .#
#.##.##.###########
#........##.......#
#........##.......#
.......##.......# #
#{.#..##.......# #.
#@#..##.......#
#..##.#.?##.......#
#........##.......#
#####.#####.##.##.###.
#......###...........
#.##.......##.##.###.
#.##.#.###.##.##.###
#.##.....>.........#
#.##.#.###.##.##.#...


There were no monsters in sight!

Vanquished Creatures
  A jelly (D:4)
  An orc wizard (D:3)
  A gnoll (D:1)
  2 adders (D:2)
  A worm (D:2)
  3 dart slugs
  4 orcs (D:3)
  8 endoplasms
  4 giant cockroaches
  10 goblins
  6 hobgoblins
  2 jackals (D:3)
  7 kobolds
  4 quokkas
  5 ball pythons
  3 bats
  A frilled lizard (D:3)
  8 rats
71 creatures vanquished.

Notes
Turn   | Place    | Note
-------+----------+-------------------------------------------
     0 | D:1      | Ethylacetat the Octopode Brigand began the quest for the
                  | Orb.
     0 | D:1      | Reached XP level 1. HP: 14/14 MP: 1/1
   151 | D:1      | Reached XP level 2. HP: 20/20 MP: 2/2
   271 | D:1      | You fall into a shaft and drop 1 floor!
   375 | D:1      | Reached XP level 3. HP: 11/25 MP: 3/3
  1182 | D:2      | Reached XP level 4. HP: 31/31 MP: 4/4
  2252 | D:3      | Reached XP level 5. HP: 31/37 MP: 5/5
  2460 | D:4      | Found a broken altar of Ashenzari.
  2578 | D:4      | Noticed Sigmund
  2587 | D:4      | HP: 1/37 [something (6)]
  2589 | D:4      | Slain by Sigmund

Illustrated notes

Levels and vault maps discovered:
D:1:      enne_arrival_octagon_isle, layout_loops_ring, minmay_pentomino_r4
D:2:      layout_loops_ring, st_stairs_10, kennysheep_generic_room_10
D:3:      layout_basic, bh_walls_and_bars
D:4:      layout_loops_cross, ashenzari_conservatory_becter,
          minmay_temple_entry_crystal_x, cheibrodos_gnoll_hut, uniq_sigmund

Skill      XL: |  1  2  3  4  5 |
---------------+----------------+-----
Dodging        | 2 3 |  3.6
Fighting       | 3 4 |  4.1
Short Blades   | |  2.0
Throwing       | |  2.0
Stealth        | |  5.3

Action                     |  1- 3 |  4- 6 || total
---------------------------+-------+-------++-------
  Melee: Dagger            |    60 |    77 ||   137
         Tentacles         |    10 |    14 ||    24
         Constrict         |    11 |    21 ||    32
         Punch             |       |     1 ||     1
    Use: Potion            |       |     1 ||     1
   Stab: Sleeping          |    13 |    12 ||    25
         Distracted        |       |     1 ||     1
 Armour: Skin              |     1 |     2 ||     3
  Dodge: Dodged            |    21 |    32 ||    53

Table legend: (Time is in decaauts)
 A = Elapsed time spent in this place.
 B = Non-inter-level travel time spent in this place.
 C = Inter-level travel time spent in this place.
 D = Time resting spent in this place.
 E = Time spent auto-exploring this place.
 F = Levels seen in this place.
 G = Mean time per level.
                   A        B        C        D        E       F      G
               +--------+--------+--------+--------+--------+-----+--------+
         Total |   2574 |   2532 |     42 |      0 |   2100 |   4 |  643.5 |
       Dungeon |   2574 |   2532 |     42 |      0 |   2100 |   4 |  643.5 |
               +--------+--------+--------+--------+--------+-----+--------+

Top non-repeatable levels by time:
     D:1: 831 daAuts
     D:3: 830 daAuts
     D:2: 716 daAuts
     D:4: 196 daAuts
